TOP OF THE 1ST |
Boston Rebels batting - Pitching for Niagara Falls Frenzy : RHP Ed Jones
|
Pitching: RHP Ed Jones
|
|
Batting: RHB George Reeves
|
0-0: Foul Ball, location: 2F 0-1: Ball 1-1: Ball 2-1: Foul Ball, location: 2F 2-2: Ball 3-2: SINGLE (Groundball, 6MD)
|
Batting: LHB Bill Wilson
|
0-0: Ball 1-0: Ball 2-0: Ground out 4-3 (Groundball, 4S) George Reeves to second
|
Batting: LHB Lorenzo Flores
|
0-0: Called Strike 0-1: Swinging Strike 0-2: Ball 1-2: Strikes out swinging, 2-3 out at first.
|
Batting: LHB Miguel Rivería
|
0-0: Called Strike 0-1: SINGLE (Line Drive, 89S) George Reeves to third
|
Batting: LHB Felipe Guerrero
|
0-0: Called Strike 0-1: Ball 1-1: Swinging Strike 1-2: Strikes out looking
|
Top of the 1st over - 0 run(s), 2 hit(s), 0 error(s), 2 left on base; Boston 0 - Niagara Falls 0 |
BOTTOM OF THE 1ST |
Niagara Falls Frenzy batting - Pitching for Boston Rebels : RHP Ki-tong Shiu
|
Pitching: RHP Ki-tong Shiu
|
|
Batting: RHB Kel Pierce
|
0-0: Called Strike 0-1: DOUBLE (Line Drive, 7LS)
|
Batting: RHB Tomás Estrada
|
0-0: Called Strike 0-1: Ball 1-1: Foul Ball, location: 2F 1-2: Ball 2-2: Foul Ball, location: 2F 2-2: Foul Ball, location: 2F 2-2: Ball 3-2: Ground out 6-3 (Groundball, 6) Kel Pierce to third
|
Batting: LHB Clyde Yarbrough
|
0-0: Ball 1-0: Fly out, F9 (Flyball, 89M) Runner from 3rd tags up, SCORES, no throw
|
Batting: RHB Zander Tremblett
|
0-0: Ball 1-0: Ground out 6-3 (Groundball, 56D)
|
Bottom of the 1st over - 1 run(s), 1 hit(s), 0 error(s), 0 left on base; Boston 0 - Niagara Falls 1 |
TOP OF THE 2ND |
Boston Rebels batting - Pitching for Niagara Falls Frenzy : RHP Ed Jones
|
Batting: LHB Frank Jackson
|
0-0: Swinging Strike 0-1: Fly out, F4 (Popup, 34)
|
Batting: RHB Alberto Ramos
|
0-0: Called Strike 0-1: Foul Ball, location: 2F 0-2: Ball 1-2: SINGLE (Flyball, 8RS)
|
Batting: RHB Aaron Washington
|
0-0: Fielders Choice at 2nd, 1-6 (Groundball, 13S)
|
Batting: RHB Jesús Dávila
|
0-0: Ball 1-0: Called Strike 1-1: Ball Passed Ball! Aaron Washington to second 2-1: Foul Ball, location: 2F 2-2: Ball 3-2: Base on Balls
|
Batting: RHB George Reeves
|
0-0: Ball 1-0: Ground out 3-1 (Groundball, 3S)
|
Top of the 2nd over - 0 run(s), 1 hit(s), 0 error(s), 2 left on base; Boston 0 - Niagara Falls 1 |
BOTTOM OF THE 2ND |
Niagara Falls Frenzy batting - Pitching for Boston Rebels : RHP Ki-tong Shiu
|
Batting: SHB Martín De Jesús
|
0-0: Ball 1-0: Foul Ball, location: 2F 1-1: Fly out, F6 (Line Drive, 6)
|
Batting: RHB Troy Lau
|
0-0: Called Strike 0-1: Foul Ball, location: 2F 0-2: Ball 1-2: SOLO HOME RUN (Flyball, 7LD), Distance : 344 ft
|
Batting: RHB Jung-ha Kim
|
0-0: Ball 1-0: Swinging Strike 1-1: Foul Ball, location: 2F 1-2: SINGLE (Groundball, 6D)
|
Batting: RHB Anastasio Villa
|
0-0: Foul Ball, location: 2F 0-1: Ball 1-1: Foul Ball, location: 2F 1-2: Fly out, F9 (Flyball, 9)
|
Batting: SHB Héctor Padilla
|
0-0: Ball 1-0: Fielders Choice at 2nd, 4-6 (Groundball, 4)
|
Bottom of the 2nd over - 1 run(s), 2 hit(s), 0 error(s), 0 left on base; Boston 0 - Niagara Falls 2 |
TOP OF THE 3RD |
Boston Rebels batting - Pitching for Niagara Falls Frenzy : RHP Ed Jones
|
Batting: LHB Bill Wilson
|
0-0: Bunt missed! 0-1: Ball 1-1: Foul Ball, location: 2F 1-2: Ball 2-2: Ball 3-2: SINGLE (Line Drive, 34)
|
Batting: LHB Lorenzo Flores
|
0-0: Called Strike 0-1: SINGLE (Groundball, 4D) Bill Wilson to second Runner from 2nd tries for 3rd, SAFE, throw made to third
|
Batting: LHB Miguel Rivería
|
0-0: Called Strike 0-1: Foul Ball, location: 2F 0-2: Fly out, F7 (Flyball, 78XD) Runner from 3rd tags up, SCORES, no throw
|
Batting: LHB Felipe Guerrero
|
0-0: Ball 1-0: TRIPLE (Line Drive, 8RM) Lorenzo Flores scores
|
Batting: LHB Frank Jackson
|
0-0: Ball 1-0: Ball 2-0: Fly out, F7 (Flyball, 78S) Runner from 3rd tags up, SCORES, no throw
|
Batting: RHB Alberto Ramos
|
0-0: Called Strike 0-1: Called Strike 0-2: Ball 1-2: DOUBLE (Flyball, 89D)
|
Batting: RHB Aaron Washington
|
0-0: Ball 1-0: Called Strike 1-1: Called Strike 1-2: SINGLE (Groundball, 25) (infield hit) Alberto Ramos to third
|
Batting: RHB Jesús Dávila
|
0-0: Ball 1-0: Ball 2-0: Foul Ball, location: 2F 2-1: Foul Ball, location: 2F Pickoff Throw to First - Out!
|
Top of the 3rd over - 3 run(s), 5 hit(s), 0 error(s), 0 left on base; Boston 3 - Niagara Falls 2 |
BOTTOM OF THE 3RD |
Niagara Falls Frenzy batting - Pitching for Boston Rebels : RHP Ki-tong Shiu
|
Batting: RHB Kel Pierce
|
0-0: DOUBLE (Line Drive, 8RXD)
|
Batting: RHB Tomás Estrada
|
0-0: Called Strike 0-1: Ball 1-1: Ball 2-1: Called Strike 2-2: Ground out 1-3 (Groundball, 13) Kel Pierce to third
|
Batting: LHB Clyde Yarbrough
|
0-0: Ball 1-0: Called Strike 1-1: Ball 2-1: Called Strike 2-2: Foul Ball, location: 2F 2-2: Ball 3-2: Foul Ball, location: 2F 3-2: Fly out, F8 (Flyball, 8LS)
|
Batting: RHB Zander Tremblett
|
0-0: Called Strike 0-1: Foul Ball, location: 2F 0-2: Ball 1-2: Strikes out swinging
|
Bottom of the 3rd over - 0 run(s), 1 hit(s), 0 error(s), 1 left on base; Boston 3 - Niagara Falls 2 |
TOP OF THE 4TH |
Boston Rebels batting - Pitching for Niagara Falls Frenzy : RHP Ed Jones
|
Batting: RHB Jesús Dávila
|
0-0: Ground out 5-3 (Groundball, 56)
|
Batting: RHB George Reeves
|
0-0: Fly out, F8 (Flyball, 89D)
|
Batting: LHB Bill Wilson
|
0-0: Foul Ball, location: 2F 0-1: SINGLE (Line Drive, 89S)
|
Batting: LHB Lorenzo Flores
|
0-0: Called Strike 0-1: Ball 1-1: Ball 2-1: 2-RUN HOME RUN (Flyball, 9D), Distance : 388 ft
|
Batting: LHB Miguel Rivería
|
0-0: Called Strike 0-1: Foul Ball, location: 2F 0-2: Ball 1-2: Strikes out swinging
|
Top of the 4th over - 2 run(s), 2 hit(s), 0 error(s), 0 left on base; Boston 5 - Niagara Falls 2 |
BOTTOM OF THE 4TH |
Niagara Falls Frenzy batting - Pitching for Boston Rebels : RHP Ki-tong Shiu
|
Batting: SHB Martín De Jesús
|
0-0: Ball 1-0: Foul Ball, location: 2F 1-1: DOUBLE (Line Drive, 7D)
|
Batting: RHB Troy Lau
|
0-0: Ball 1-0: Ball 2-0: Foul Ball, location: 2F 2-1: Ground out 5-3 (Groundball, 5S) Martín De Jesús to third
|
Batting: RHB Jung-ha Kim
|
0-0: Called Strike 0-1: Foul Ball, location: 2F 0-2: Ground out 5-3 (Groundball, 56) Martín De Jesús scores
|
Batting: RHB Anastasio Villa
|
0-0: Called Strike 0-1: Foul Ball, location: 2F 0-2: SINGLE (Groundball, 56D)
|
Batting: SHB Héctor Padilla
|
0-0: Foul Ball, location: 2F 0-1: Ground out U3 (Groundball, 3)
|
Bottom of the 4th over - 1 run(s), 2 hit(s), 0 error(s), 1 left on base; Boston 5 - Niagara Falls 3 |
TOP OF THE 5TH |
Boston Rebels batting - Pitching for Niagara Falls Frenzy : RHP Ed Jones
|
Pitching: RHP Esteban Juárez
|
|
Batting: LHB Felipe Guerrero
|
0-0: Called Strike 0-1: Ball 1-1: SINGLE (Groundball, 6) (infield hit)
|
Batting: LHB Frank Jackson
|
0-0: Ball 1-0: Ball 2-0: SINGLE (Line Drive, 34D) Felipe Guerrero to second
|
Batting: RHB Alberto Ramos
|
0-0: Ground out 5-3 (Groundball, 56S) Felipe Guerrero to third Frank Jackson to second
|
Batting: RHB Aaron Washington
|
0-0: Ball 1-0: Ball 2-0: Ball 3-0: Base on Balls
|
Batting: RHB Jesús Dávila
|
0-0: Called Strike 0-1: Foul Ball, location: 2F 0-2: Strikes out looking
|
Pinch Hitting: LHB Lee Burton
|
0-0: Foul Ball, location: 2F 0-1: Called Strike 0-2: Foul Ball, location: 2F 0-2: Ball 1-2: Strikes out looking
|
Top of the 5th over - 0 run(s), 2 hit(s), 0 error(s), 3 left on base; Boston 5 - Niagara Falls 3 |
BOTTOM OF THE 5TH |
Niagara Falls Frenzy batting - Pitching for Boston Rebels : RHP Ki-tong Shiu
|
Pitching: RHP Alfredo Ruíz
|
|
Now at 2B: Roberto Chávez
|
|
Batting: RHB Kel Pierce
|
0-0: Swinging Strike 0-1: Ball 1-1: Ball 2-1: Swinging Strike 2-2: Foul Ball, location: 2F 2-2: Foul Ball, location: 2F 2-2: Strikes out swinging
|
Batting: RHB Tomás Estrada
|
0-0: Called Strike 0-1: Ball 1-1: Ground out 6-3 (Groundball, 56)
|
Batting: LHB Clyde Yarbrough
|
0-0: Foul Ball, location: 2F 0-1: Foul Ball, location: 2F 0-2: Ball 1-2: Ball 2-2: Foul Ball, location: 2F 2-2: SINGLE (Groundball, 4D)
|
Batting: RHB Zander Tremblett
|
0-0: Ball 1-0: Ball 2-0: Swinging Strike 2-1: Foul Ball, location: 2F 2-2: Foul Ball, location: 2F 2-2: Fly out, F8 (Flyball, 78M)
|
Bottom of the 5th over - 0 run(s), 1 hit(s), 0 error(s), 1 left on base; Boston 5 - Niagara Falls 3 |
TOP OF THE 6TH |
Boston Rebels batting - Pitching for Niagara Falls Frenzy : RHP Esteban Juárez
|
Pinch Hitting: RHB Ken McDonald
|
0-0: Foul Ball, location: 2F 0-1: Ball 1-1: Ball 2-1: Foul Ball, location: 2F 2-2: Ball 3-2: Base on Balls
|
Pinch Hitting: LHB Ricardo Brandariz
|
0-0: Fielders Choice at 2nd, 1-6 (Groundball, 13)
|
Pinch Hitting: LHB Sergio Barrón
|
0-0: Called Strike 0-1: Foul Ball, location: 2F 0-2: Foul Ball, location: 2F 0-2: Strikes out swinging
|
Pinch Hitting: LHB Jeff Gordon
|
0-0: Ball 1-0: Called Strike 1-1: Ball 2-1: Foul Ball, location: 2F 2-2: DOUBLE (Line Drive, 9LS) Ricardo Brandariz to third
|
Batting: RHB Rob Bass
|
0-0: Ball 1-0: Called Strike 1-1: Foul Ball, location: 2F 1-2: Ground out 6-3 (Groundball, 6D)
|
Top of the 6th over - 0 run(s), 1 hit(s), 0 error(s), 2 left on base; Boston 5 - Niagara Falls 3 |
BOTTOM OF THE 6TH |
Niagara Falls Frenzy batting - Pitching for Boston Rebels : RHP Alfredo Ruíz
|
Now at 1B: Ken McDonald
|
|
Now in LF: Ricardo Brandariz
|
|
Now in CF: Nick Marshall
|
|
Now in RF: Jeff Gordon
|
|
Batting: SHB Martín De Jesús
|
0-0: Reached on error, E6 (Flyball, 56D)
|
Batting: RHB Troy Lau
|
0-0: Foul Ball, location: 2F 0-1: Ball 1-1: 2-RUN HOME RUN (Flyball, 8RXD), Distance : 466 ft
|
Batting: RHB Jung-ha Kim
|
0-0: Ball 1-0: Called Strike 1-1: Foul Ball, location: 2F 1-2: Strikes out looking
|
Batting: RHB Anastasio Villa
|
0-0: Ground out 4-3 (Groundball, 4)
|
Batting: SHB Héctor Padilla
|
0-0: Ball 1-0: Called Strike 1-1: Swinging Strike 1-2: Ball 2-2: Ground out 6-3 (Groundball, 6)
|
Bottom of the 6th over - 2 run(s), 1 hit(s), 1 error(s), 0 left on base; Boston 5 - Niagara Falls 5 |
BOTTOM OF THE 7TH |
Niagara Falls Frenzy batting - Pitching for Boston Rebels : RHP Alfredo Ruíz
|
Now at 3B: Ángel Garza
|
|
Now at SS: Peter Sexton
|
|
Pinch Hitting: LHB Yasuhiko Onodera
|
0-0: Bunt for hit - play at first, batter safe!
|
Pinch Hitting: RHB Jorge Cora
|
0-0: Foul Ball, location: 2F 0-1: Ball 1-1: Foul Ball, location: 2F 1-2: Grounds into double play, 6-4-3 (Groundball, 6)
|
Pinch Hitting: LHB Carter Sweet
|
0-0: DOUBLE (Line Drive, 9LM)
|
Batting: RHB Zander Tremblett
|
0-0: Called Strike 0-1: Called Strike 0-2: Ball 1-2: Foul Ball, location: 2F 1-2: Foul Ball, location: 2F 1-2: Foul Ball, location: 2F 1-2: Ball 2-2: Ball 3-2: Base on Balls
|
Batting: LHB Arturo López
|
0-0: Ball 1-0: Ground out 1-3 (Groundball, 13S)
|
Bottom of the 7th over - 0 run(s), 2 hit(s), 0 error(s), 2 left on base; Boston 8 - Niagara Falls 5 |
TOP OF THE 8TH |
Boston Rebels batting - Pitching for Niagara Falls Frenzy : RHP Nathan Thornton
|
Pitching: LHP Josh Chamberlain
|
|
Now at 1B: Carter Sweet
|
|
Now at 2B: Yasuhiko Onodera
|
|
Now in RF: Jorge Cora
|
|
Batting: RHB Rob Bass
|
0-0: Foul Ball, location: 2F 0-1: Ball 1-1: Foul Ball, location: 2F 1-2: Strikes out swinging
|
Batting: RHB Ángel Garza
|
0-0: Ball 1-0: Swinging Strike 1-1: Foul Ball, location: 2F 1-2: Ball 2-2: Ball 3-2: Strikes out swinging
|
Batting: RHB Peter Sexton
|
0-0: Called Strike 0-1: Ball 1-1: Ground out 4-3 (Groundball, 4)
|
Top of the 8th over - 0 run(s), 0 hit(s), 0 error(s), 0 left on base; Boston 8 - Niagara Falls 5 |
BOTTOM OF THE 8TH |
Niagara Falls Frenzy batting - Pitching for Boston Rebels : RHP Alfredo Ruíz
|
Pinch Hitting: LHB Mauro Díaz
|
0-0: Ball 1-0: Ball 2-0: Swinging Strike 2-1: DOUBLE (Line Drive, 9LS)
|
Pitching: LHP Yoshihiro Hasegawa
|
|
Pinch Hitting: RHB Santiago Zambrano
|
0-0: Called Strike 0-1: Ball 1-1: Ball 2-1: DOUBLE (Line Drive, 7LM) Mauro Díaz scores
|
Pitching: RHP José Crus
|
|
Pinch Hitting: RHB Luther Stoffels
|
0-0: Called Strike 0-1: Ball 1-1: Called Strike 1-2: Fly out, F9 (Flyball, 9)
|
Pinch Hitting: RHB Domingo Hernández
|
0-0: Ball Wild Pitch! Santiago Zambrano to third 1-0: Called Strike 1-1: Ball 2-1: Foul Ball, location: 2F 2-2: Ball 3-2: Base on Balls
|
Pinch Runner at 1st José Martínez:
|
|
Batting: LHB Yasuhiko Onodera
|
0-0: Ball 1-0: Ball 2-0: Foul Ball, location: 2F 2-1: Ball 3-1: Fielders Choice at 2nd, 3-6 (Groundball, 3) Santiago Zambrano scores
|
Batting: RHB Jorge Cora
|
0-0: Swinging Strike 0-1: Swinging Strike 0-2: Strikes out swinging
|
Bottom of the 8th over - 2 run(s), 2 hit(s), 0 error(s), 1 left on base; Boston 8 - Niagara Falls 7 |
BOTTOM OF THE 9TH |
Niagara Falls Frenzy batting - Pitching for Boston Rebels : RHP José Crus
|
Now at C: Gabriel Villegas
|
|
Batting: LHB Carter Sweet
|
0-0: Ball 1-0: Fly out, F9 (Flyball, 89M)
|
Pinch Hitting: LHB Juan Lima
|
0-0: Called Strike 0-1: Ball 1-1: SINGLE (Line Drive, 9S)
|
Batting: LHB Arturo López
|
0-0: Fly out, F8 (Flyball, 89M)
|
Batting: SHB José Espinoza
|
0-0: Ball 1-0: Ball 2-0: Foul Ball, location: 2F 2-1: Swinging Strike 2-2: Single, Error in OF, E8, batter to second base Juan Lima to third
|
Batting: RHB Santiago Zambrano
|
0-0: Called Strike 0-1: Ball 1-1: Ground out 4-3 (Groundball, 4)
|
Bottom of the 9th over - 0 run(s), 2 hit(s), 1 error(s), 2 left on base; Boston 8 - Niagara Falls 7 |
|